 Dungeon Crawl Stone Soup version 0.17.1-3-g152610e (webtiles) character file.

14899 Kloppie the Basher (level 11, -16/104 HPs)
             Began as a Minotaur Berserker on Apr 12, 2016.
             Was a High Priest of Trog.
             Demolished by a skeletal warrior
             ... wielding a +0 dire flail
              (25 damage)
             ... on level 11 of the Dungeon.
             The game lasted 00:23:16 (11947 turns).

Kloppie the Basher (Minotaur Berserker)            Turns: 11947, Time: 00:23:16

Health: -16/104    AC: 14    Str: 23    XL:     11   Next: 94%
Magic:  10/10      EV: 15    Int:  8    God:    Trog [*****.]
Gold:   734        SH:  0    Dex: 12    Spells: 0 memorised, 10 levels left

rFire  . . .     SeeInvis .     D - +0 great mace
rCold  . . .     Clarity  +     l - +1 scale mail
rNeg   . . .     SustAt   .     (shield currently unavailable)
rPois  .         Gourm    .     (helmet restricted)
rElec  .         Spirit   .     (no cloak)
rCorr  .         Warding  .     y - +0 pair of gloves
rMut   .         Stasis   .     (no boots)
MR     ++...                    o - amulet of clarity
Stlth  ..........               J - +3 ring of protection
                                v - +4 ring of intelligence

@: lethally poisoned (-16 -> -17), regenerating, very resistant to hostile
enchantments, extremely unstealthy
A: retaliatory headbutt, horns 2
a: Berserk, Trog's Hand, Brothers in Arms, Burn Spellbooks, Renounce Religion


You were on level 11 of the Dungeon.
You worshipped Trog.
Trog was extremely pleased with you.
You were very hungry.

You visited 1 branch of the dungeon, and saw 11 of its levels.

You collected 734 gold pieces.

Inventory:

Hand Weapons
 e - a +0 morningstar
 D - a +0 great mace (weapon)
Missiles
 k - 8 javelins of returning (quivered)
Armour
 l - a +1 scale mail (worn)
 y - a +0 pair of gloves (worn)
 A - a +0 plate armour
Jewellery
 o - an amulet of clarity (around neck)
 r - an uncursed ring of ice
 u - an uncursed amulet of guardian spirit
 v - a +4 ring of intelligence (left hand)
 x - an uncursed amulet of warding
 J - a +3 ring of protection (right hand)
 K - the amulet "Reized" {Stasis SInv}
   (You found it on level 9 of the Dungeon)

   [amulet of stasis]

   It prevents you from being teleported, slowed, hasted or paralysed.
   It lets you see invisible.
Wands
 b - a wand of confusion (48)
 f - a wand of paralysis (11)
 C - a wand of fire (5)
 L - a wand of fire (7)
Scrolls
 a - a scroll of enchant weapon
 g - a scroll of recharging
 h - 2 scrolls of fog
 m - a scroll of enchant armour
 p - 2 scrolls of remove curse
 t - 3 scrolls of teleportation
 G - a scroll of blinking
 H - 2 scrolls of magic mapping
 M - a scroll of identify
Potions
 d - 4 potions of curing
 j - 3 potions of flight {unknown}
 n - a potion of haste
 q - a potion of magic
 w - a potion of cancellation
 B - a potion of agility
 F - a potion of lignification
Comestibles
 c - 7 bread rations
 i - 6 meat rations
 s - 8 slices of pizza
 z - 3 royal jellies
 E - 2 beef jerkies


   Skills:
 + Level 11.9 Fighting
 + Level 12.1 Maces & Flails
 + Level 12.1 Armour
 + Level 10.6 Dodging


You had 10 spell levels left.
You didn't know any spells.

Dungeon Overview and Level Annotations

Branches:
Dungeon (11/15)            Temple (0/1) D:7            Lair (0/8) D:11
    Orc (0/4) D:9

Altars:
Ashenzari
Dithmenos
Elyvilon
Gozag
Makhleb
Okawaru
Qazlal
Ru
Sif Muna
Trog
Vehumet
Yredelemnul
The Shining One
Jiyva

Shops:
D:7 [   D:10 [


Innate Abilities, Weirdness & Mutations

You reflexively headbutt those who attack you in melee.
You have a pair of horns on your head.


Message History

You headbutt the skeletal warrior.
You completely miss the skeletal warrior.
The skeletal warrior is lightly damaged.
You feel sick.
Your ogre hits the skeletal warrior with a giant spiked club!!
The skeletal warrior hits your ogre with a long sword!
Your ogre hits the skeletal warrior with a giant spiked club!
You hit the skeletal warrior.
The skeletal warrior is severely damaged.
You feel sick.
The skeletal warrior hits you with a dire flail!
* * * LOW HITPOINT WARNING * * *
The skeletal warrior hits your ogre with a long sword!
Your ogre hits the skeletal warrior with a giant spiked club.
You barely miss the skeletal warrior. You headbutt the skeletal warrior.
The skeletal warrior is severely damaged.
You feel the effects of Trog's Hand fading.
You feel sick.
The skeletal warrior hits you with a dire flail!!
You die...

############..#...#.#...........#
.......#...#..#...#.#...........#
#####..#.....†#...#.............#
#####..#......#...#'###......#..#
.......#....zz#.......#......#..#
.......#......######..#.##...#..#
#####.)#......#########.........#
#####..#####'##O..# ######....#
......)##....zzz@.# #....#
.......##....####### #....#
.......##....#.....# #..#.#
.......##....#.)#..##### #..#.#
.............#..#......# #....#
........(....#.........# #....#
.......##....#......##.#####....#
.......##....#...#.....#>..#....#
.............#...#.....#...'.#..#


You could see 3 skeletal warriors and a friendly ogre (berserk).

Vanquished Creatures
  An unseen horror (D:11)
  4 hill giants (D:11)
  A manticore (D:11)
  An ugly thing (D:11)
  2 cyclopes
  2 komodo dragons (D:11)
  The ghost of Pidor the Caller, a novice DESu of Sif Muna (D:6)
  A troll (D:11)
  Grinder (D:6)
  A two-headed ogre (D:9)
  A trapdoor spider zombie (D:10)
  A wyvern (D:7)
  11 yaks
  A deep elf mage (D:9)
  3 hungry ghosts
  A human (D:8)
  A shadow (D:11)
  A hippogriff (D:11)
  Menkaure (D:7)
  A mottled dragon (D:11)
  Duvessa (D:7)
  7 orc warriors
  2 wasps
  A sky beast (D:7)
  3 ogres
  3 ice beasts
  2 crocodiles (D:11)
  12 big kobolds (D:8)
  5 centaurs
  3 giant frogs
  Dowan (D:7)
  2 wyvern zombies
  A water moccasin zombie (D:6)
  5 scorpions
  A water moccasin skeleton (D:6)
  7 killer bees
  3 hounds
  5 wights (D:10)
  4 crimson imps
  A quasit (D:8)
  2 wasp zombies
  A giant frog zombie (D:11)
  4 jellies
  4 giant frog skeletons
  21 orc wizards
  8 orc priests
  6 iguanas
  Terence (D:2)
  A centaur skeleton (D:9)
  7 worker ants
  5 sheep
  A worker ant zombie (D:11)
  A shadow imp (D:9)
  11 adders
  2 oozes
  2 adder skeletons
  An adder zombie (D:8)
  7 worms
  5 giant geckos
  71 orcs
  A ball python (D:5)
  6 bats
  3 giant cockroaches
  8 goblins
  5 hobgoblins
  10 jackals
  6 quokkas
  3 giant gecko skeletons
  A giant gecko zombie (D:5)
  4 giant newts
  13 kobolds
  10 rats
337 creatures vanquished.

Vanquished Creatures (collateral kills)
  A skeletal warrior (D:11)
  An adder (D:8)
2 creatures vanquished.

Vanquished Creatures (others)
  A deep elf mage (D:11)
1 creature vanquished.

Grand Total: 340 creatures vanquished

Notes
Turn   | Place    | Note
--------------------------------------------------------------
     0 | D:1      | Kloppie the Minotaur Berserker began the quest for the Orb.
     0 | D:1      | Reached XP level 1. HP: 19/19 MP: 0/0
   128 | D:1      | Reached XP level 2. HP: 27/27 MP: 1/1
   151 | D:1      | Reached skill level 4 in Fighting
   824 | D:2      | Reached ** piety under Trog
   824 | D:2      | Reached XP level 3. HP: 19/33 MP: 2/2
   977 | D:2      | Found a faded altar to an unknown god.
  1037 | D:2      | Noticed Terence
  1043 | D:2      | Killed Terence
  1250 | D:2      | Reached XP level 4. HP: 41/41 MP: 3/3
  1663 | D:3      | Reached XP level 5. HP: 37/47 MP: 4/4
  2195 | D:3      | Reached skill level 5 in Fighting
  2648 | D:4      | Reached *** piety under Trog
  2725 | D:4      | Reached skill level 5 in Maces & Flails
  2725 | D:4      | Reached XP level 6. HP: 21/56 MP: 5/5
  2950 | D:4      | Found a white marble altar of Elyvilon.
  2957 | D:4      | Found a basalt altar of Yredelemnul.
  2957 | D:4      | Found a shadowy altar of Dithmenos.
  2970 | D:4      | Found a stormy altar of Qazlal.
  2974 | D:4      | Found an opulent altar of Gozag.
  3002 | D:4      | Reached skill level 5 in Armour
  3082 | D:4      | Found a sacrificial altar of Ru.
  3276 | D:4      | Reached XP level 7. HP: 41/62 MP: 6/6
  3465 | D:5      | Entered Level 5 of the Dungeon
  3488 | D:5      | Found an opulent altar of Gozag.
  3884 | D:5      | Reached **** piety under Trog
  3908 | D:5      | Reached skill level 6 in Fighting
  4182 | D:5      | Found an iron altar of Okawaru.
  4237 | D:5      | Reached skill level 5 in Dodging
  4485 | D:5      | You fall through a shaft!
  4603 | D:6      | Reached XP level 8. HP: 66/71 MP: 7/7
  4953 | D:6      | Reached skill level 7 in Maces & Flails
  5169 | D:6      | Noticed Grinder
  5189 | D:6      | Killed Grinder
  5217 | D:6      | Noticed Pidor's ghost (novice DESu)
  5243 | D:6      | Killed Pidor's ghost
  5423 | D:6      | Got a ruby-encrusted chain mail
  5424 | D:6      | Identified the cursed +1 chain mail "Qekhlista" {rPois rF- Int+11 Dex-4} (You found it on level 6 of the Dungeon)
  5444 | D:7      | Noticed Duvessa
  5444 | D:7      | Noticed Dowan
  5461 | D:7      | Killed Duvessa
  5464 | D:7      | Killed Dowan
  5464 | D:7      | Reached XP level 9. HP: 81/81 MP: 8/8
  5496 | D:7      | Found a staircase to the Ecumenical Temple.
  5538 | D:7      | Found Tefracw's Armour Emporium.
  5569 | D:7      | Reached skill level 8 in Fighting
  5870 | D:7      | Found a bloodstained altar of Trog.
  5873 | D:7      | Found a burning altar of Makhleb.
  5876 | D:7      | Found a glowing golden altar of the Shining One.
  5944 | D:7      | Noticed Menkaure
  5953 | D:7      | Killed Menkaure
  6057 | D:8      | Reached ***** piety under Trog
  6170 | D:8      | Found a deep blue altar of Sif Muna.
  6477 | D:8      | Reached skill level 9 in Maces & Flails
  6493 | D:8      | Received a gift from Trog
  6789 | D:8      | Reached XP level 10. HP: 75/91 MP: 9/9
  7722 | D:9      | Found a shattered altar of Ashenzari.
  7750 | D:9      | Reached skill level 10 in Maces & Flails
  7901 | D:9      | Found a staircase to the Orcish Mines.
  7904 | D:9      | Got a vibrating golden amulet
  7907 | D:9      | Identified the amulet "Reized" {Stasis SInv} (You found it on level 9 of the Dungeon)
  7959 | D:9      | Reached skill level 10 in Fighting
  7959 | D:9      | Reached skill level 10 in Armour
  7971 | D:9      | HP: 4/93 [orc priest/divine providence (8)]
  8365 | D:9      | Found a radiant altar of Vehumet.
  8492 | D:10     | Entered Level 10 of the Dungeon
  8574 | D:10     | Received a gift from Trog
  9172 | D:10     | Noticed a cyclops
  9182 | D:10     | Killed a cyclops
  9217 | D:10     | Found Juoveomp's Armour Shop.
  9493 | D:11     | Reached XP level 11. HP: 77/101 MP: 10/10
  9780 | D:11     | Reached skill level 11 in Armour
 10135 | D:11     | Noticed a hill giant
 10140 | D:11     | Killed a hill giant
 10363 | D:11     | Noticed a hill giant
 10370 | D:11     | Killed a hill giant
 10387 | D:11     | Noticed a green ugly thing
 10394 | D:11     | Killed a green ugly thing
 10418 | D:11     | Reached skill level 10 in Dodging
 10435 | D:11     | Found a viscous altar of Jiyva.
 10675 | D:11     | Noticed a hill giant
 10685 | D:11     | Killed a hill giant
 10844 | D:11     | Noticed a manticore
 10848 | D:11     | Killed a manticore
 11442 | D:11     | Found a staircase to the Lair.
 11605 | D:11     | Received a gift from Trog
 11610 | D:11     | Noticed a hill giant
 11617 | D:11     | Killed a hill giant
 11617 | D:11     | Reached skill level 12 in Maces & Flails
 11831 | D:11     | Killed an unseen horror
 11919 | D:11     | Noticed a skeletal warrior
 11920 | D:11     | Noticed a skeletal warrior
 11921 | D:11     | Noticed a skeletal warrior
 11922 | D:11     | Noticed a skeletal warrior
 11923 | D:11     | Noticed a skeletal warrior
 11944 | D:11     | Killed a skeletal warrior
 11947 | D:11     | Demolished by a skeletal warrior

Action                   |  1- 3 |  4- 6 |  7- 9 | 10-12 || total
-------------------------+-------+-------+-------+-------++-------
Melee: Mace              |    58 |       |       |       ||    58
       Flail             |    13 |   166 |   238 |       ||   417
       Morningstar       |       |       |   124 |    65 ||   189
       Great mace        |       |       |       |   323 ||   323
Invok: Berserk           |     1 |       |     4 |     4 ||     9
       Trog's Hand       |       |       |     2 |     3 ||     5
       Brothers in Arms  |       |       |       |     1 ||     1
  Use: Scroll            |       |       |    16 |     5 ||    21
       Potion            |       |       |       |     2 ||     2
  Eat: Chunk             |     2 |     7 |    11 |    22 ||    42
       Meat ration       |       |       |     1 |       ||     1
       Bread ration      |       |       |     1 |       ||     1
       Beef jerky        |       |       |       |     2 ||     2
